 Dungeon Crawl Stone Soup version 0.26-a0-665-gefeb406119 (webtiles) character file.

Game seed: 9067791868168463630

623 BeowulfAlex the Digger (level 7, 37/52 HPs)
             Began as a Formicid Earth Elementalist on Oct 14, 2020.
             Quit the game on level 4 of the Dungeon.
             The game lasted 00:14:52 (5322 turns).

BeowulfAlex the Digger (FoEE)                       Turns: 5322, Time: 00:14:52

Health: 37/52      AC:  5    Str: 13    XL:     7   Next: 75%
Magic:  15/20      EV: 12    Int: 16    God:
Gold:   216        SH:  0    Dex: 11    Spells: 6/12 levels left

rFire    . . .     SeeInvis +   w - +0 mace (curse)
rCold    . . .     Faith    .   (no shield)
rNeg     . . .     Spirit   .   c - +0 robe
rPois    .         Reflect  .   (helmet unavailable)
rElec    .         Harm     .   (no cloak)
rCorr    .         Rampage  .   u - +2 pair of gloves
MR       +....                  (no boots)
Stlth    ++........             n - amulet of inaccuracy (curse)
HPRegen  0.17/turn              e - ring of magical power
MPRegen  0.17/turn              m - ring of protection from magic

@: no status effects
A: permanent stasis, dig shafts and tunnels, four strong arms, antennae 3
a: Dig, Shaft Self


You were on level 4 of the Dungeon.
You visited 1 branch of the dungeon, and saw 4 of its levels.

You collected 216 gold pieces.

Inventory:

Hand Weapons
 d - a +0 quarterstaff
 w - a cursed +0 mace (weapon)
 x - a +0 mace of draining
 y - a +4 quarterstaff of chaos
 A - a +2 mace of protection
Missiles
 b - 3 stones (quivered)
 k - 48 bolts
Armour
 c - a +0 robe (worn)
 u - a +2 pair of gloves (worn)
 v - a +0 buckler
 z - a +2 cloak of preservation
Jewellery
 e - a ring of magical power (left hand)
 m - a ring of protection from magic (right hand)
 n - a cursed amulet of inaccuracy (around neck)
Wands
 s - a wand of polymorph (6)
 C - a wand of flame (6)
Scrolls
 a - 2 scrolls of amnesia
 g - 2 scrolls of fear
 l - 2 scrolls of fog
 o - a scroll of noise {unknown}
 r - 3 scrolls of blinking
 B - a scroll of random uselessness {unknown}
Potions
 f - 2 potions of brilliance
 h - a potion of cancellation {unknown}
 i - 2 potions of flight
 j - 2 potions of curing {unknown}
 p - a potion of lignification {unknown}
 q - a potion of heal wounds {unknown}
 t - a potion of invisibility
 D - a potion of stabbing {unknown}


   Skills:
 + Level 3.2 Fighting
 - Level 2.0 Dodging
 - Level 3.0 Stealth
 + Level 1.7 Shields
 - Level 3.0 Spellcasting
 * Level 3.6 Conjurations
 - Level 1.1 Transmutations
 * Level 6.6 Earth Magic


You had 6 spell levels left.
You knew the following spells:

 Your Spells              Type           Power        Failure   Level
a - Sandblast             Erth           ###...       1%          1
b - Stone Arrow           Conj/Erth      ###...       7%          3
c - Passwall              Tmut/Erth      ##......     6%          2

Your spell library contained the following spells:

 Spells                   Type           Power        Failure   Level
 Lee's Rapid Deconstruct  Erth           ###.......   32%         5
 Petrify                  Tmut/Erth      ##......     36%         4


Dungeon Overview and Level Annotations

Branches:
Dungeon (4/15)             Temple (0/1) D:4

Altars:
Uskayaw


Innate Abilities, Weirdness & Mutations

You cannot be hasted, slowed, berserked, paralysed or teleported.
You can dig through walls and to a lower floor.
Your four strong arms can wield two-handed weapons with a shield.
You have a pair of large antennae on your head. (SInv)


Message History

The orc priest mumbles some strange prayers to Beogh against you.
Beogh smites you!
You barely miss the orc priest.
The orc priest is severely wounded.
The orc priest hits you with a +0 whip.
You closely miss the orc priest.
The orc priest is severely wounded.
The orc priest looks encouraged for a moment.
You sock the orc priest!
You kill the orc priest!
You see here a +0 whip.
Unknown command.
Your movement speed is average.
Your attack speed is quite slow.
New annotation for D:4 (include '!' for warning):
Okay, then.
Unknown command.
Quiver which item? (- for none, * to show all) (? for menu, Esc to quit)
Okay, then.
Okay, then.
Are you sure you want to abandon this character and quit the game? (Confirm with "yes".)

#.# ##.....#...........
#.# ###...######......
#.# ###...#...........
..#####.......<.........
..........##.###.>......
#.....#.#.#.)###........
#...........##..........
<...............#.......
#........####...@..##...
........##.....#...# ..
..........รท......#.# #
....#...#.....#.##...
....#.#...##....# >##.
..#.#..........## #
..#...##.........
#...........#..##
.....##.........#


There were no monsters in sight!

Vanquished Creatures
  Sigmund (D:3)
  A bullfrog (D:4)
  5 orc priests
  A hound (D:4)
  An orc wizard (D:3)
  Crazy Yiuf (D:3)
  A worker ant (D:4)
  6 adders
  An adder skeleton (D:4)
  3 worms
  A dart slug (D:1)
  4 leopard geckos
  11 orcs
  3 ball pythons
  3 giant cockroaches
  3 goblins
  5 hobgoblins
  8 jackals
  5 kobolds
  A quokka (D:4)
  5 bats
  7 frilled lizards
  5 rats
82 creatures vanquished.

Notes
Turn   | Place    | Note
-------+----------+-------------------------------------------
     0 | D:1      | BeowulfAlex the Formicid Earth Elementalist began the quest
                  | for the Orb.
     0 | D:1      | Reached XP level 1. HP: 13/13 MP: 3/3
   178 | D:1      | You fall into a shaft and drop 1 floor!
   318 | D:2      | Reached XP level 2. HP: 20/20 MP: 5/5
   449 | D:2      | Reached skill level 4 in Earth Magic
   475 | D:2      | Reached XP level 3. HP: 25/25 MP: 6/6
   566 | D:1      | Reached skill level 1 in Fighting
   935 | D:1      | Learned a level 3 spell: Stone Arrow
  1575 | D:2      | Reached XP level 4. HP: 26/32 MP: 8/8
  2527 | D:3      | Reached skill level 1 in Conjurations
  2533 | D:3      | Noticed Sigmund
  2542 | D:3      | Killed Sigmund
  2542 | D:3      | Reached skill level 5 in Earth Magic
  2542 | D:3      | Reached XP level 5. HP: 38/38 MP: 7/9
  2542 | D:3      | Reached XP level 6. HP: 44/44 MP: 7/10
  2549 | D:3      | Learned a level 2 spell: Passwall
  4123 | D:3      | Found a runed translucent door.
  4124 | D:3      | Noticed Crazy Yiuf
  4130 | D:3      | Killed Crazy Yiuf
  4130 | D:3      | Reached skill level 6 in Earth Magic
  4130 | D:3      | Reached XP level 7. HP: 51/51 MP: 10/11
  4548 | D:4      | Reached skill level 1 in Shields
  4667 | D:4      | Noticed a +0 hand axe
  4668 | D:4      | Noticed a +0 dagger
  4671 | D:4      | Found a hide-covered altar of Uskayaw.
  5310 | D:4      | Found a staircase to the Ecumenical Temple.
  5322 | D:4      | Quit the game

Illustrated notes

Levels and vault maps discovered:
D:1:      psy_arrival_whirlpool, layout_rooms
D:2:      layout_basic, minmay_misc_feat_chi
D:3:      layout_basic, uniq_sigmund, uniq_crazy_yiuf_cottage
D:4:      minmay_wonky_spiral, layout_rooms, dancing_weapons_uskayaw,
          minmay_temple_entry_proselytizer

Skill      XL: |  1  2  3  4  5  6  7 |
---------------+----------------------+-----
Dodging        | 2 |  2.0
Earth Magic    | 4 5 6 |  6.6
Fighting       | 1 2 3 |  3.2
Stealth        | 3 |  3.0
Conjurations   | 2 3 |  3.6
Spellcasting   | 3 |  3.0
Shields        | 1 |  1.7
Transmutations | |  1.1

Action                   |  1- 3 |  4- 6 |  7- 9 || total
-------------------------+-------+-------+-------++-------
Melee: Unarmed           |     8 |       |       ||     8
       Quarterstaff      |    60 |    93 |       ||   153
       Mace              |       |       |    16 ||    16
Throw: Stone             |       |     1 |       ||     1
 Cast: Sandblast         |    12 |    20 |    25 ||    57
       Stone Arrow       |       |     9 |    24 ||    33
 Abil: Shaft Self        |     1 |       |       ||     1
       Dig               |       |       |     1 ||     1
  Use: Scroll            |     4 |     2 |     3 ||     9
 Stab: Sleeping          |     3 |     5 |     2 ||    10
       Distracted        |       |     1 |       ||     1
Armor: Robe              |    18 |    12 |    11 ||    41
Dodge: Dodged            |    56 |    77 |    21 ||   154

Table legend: (Time is in decaauts)
 A = Elapsed time spent in this place.
 B = Non-inter-level travel time spent in this place.
 C = Inter-level travel time spent in this place.
 D = Time resting spent in this place.
 E = Time spent auto-exploring this place.
 F = Levels seen in this place.
 G = Mean time per level.
                   A        B        C        D        E       F      G
               +--------+--------+--------+--------+--------+-----+--------+
         Total |   5374 |   5240 |    134 |    398 |   3995 |   4 | 1343.5 |
       Dungeon |   5374 |   5240 |    134 |    398 |   3995 |   4 | 1343.5 |
               +--------+--------+--------+--------+--------+-----+--------+

Top non-repeatable levels by time:
     D:3: 2386 daAuts
     D:2: 1370 daAuts
     D:1: 1032 daAuts
     D:4: 586 daAuts
